Description

Test

Replay - 2015-12-19 - (P)Gemini VS (Z)A.I. 1 (Very Easy)

Build Order

Get SALT Encoding   

  12  0:01  Probe (Chrono Boost)  
  13  0:11  Probe (Chrono Boost)  
  14  0:20  Pylon  
  14  0:22  Probe (Chrono Boost)  
  15  0:38  Probe (Chrono Boost)  
  16  0:49  Probe (Chrono Boost)  
  17  1:01  Probe (Chrono Boost), Nexus  
  18  1:11  Gateway  
  18  1:17  Assimilator  
  18  1:19  Probe (Chrono Boost)  
  18  1:23  Assimilator  
  19  1:29  Probe (Chrono Boost)  
  20  1:40  Probe (Chrono Boost)  
  21  1:50  Probe (Chrono Boost)  
  22  2:00  Cybernetics Core  
  23  2:01  Probe (Chrono Boost)  
  23  2:13  Probe (Chrono Boost)  
  23  2:14  Probe (Chrono Boost)  
  25  2:23  Probe (Chrono Boost)  
  25  2:24  Probe (Chrono Boost)  
  25  2:25  Pylon  
  27  2:35  Probe (Chrono Boost)  
  29  2:39  Warp Gate, Sentry  
  29  2:40  Mothership Core (Chrono Boost)  
  32  2:45  Probe (Chrono Boost)  
  33  2:56  Probe (Chrono Boost)  
  33  2:58  Nexus  
  34  2:59  Probe (Chrono Boost)  
  35  3:06  Probe (Chrono Boost), Sentry  
  35  3:09  Probe (Chrono Boost)  
  39  3:17  Stargate  
  39  3:18  Probe (Chrono Boost)  
  41  3:20  Probe (Chrono Boost)  
  41  3:25  Pylon  
  41  3:29  Probe (Chrono Boost)  
  41  3:30  Probe (Chrono Boost)  
  43  3:35  Pylon  
  43  3:36  Adept  
  43  3:40  Probe (Chrono Boost)  
  46  3:43  Probe (Chrono Boost)  
  46  3:46  Assimilator  
  46  3:47  Assimilator  
  47  3:52  Probe (Chrono Boost)  
  47  3:54  Probe (Chrono Boost)  
  49  4:01  Phoenix  
  51  4:06  Probe x2 (Chrono Boost), Adept  
  55  4:10  Gateway  
  55  4:12  Gateway  
  55  4:20  Probe (Chrono Boost)  
  56  4:25  Probe x2 (Chrono Boost)  
  56  4:26  Phoenix  
  56  4:31  Probe (Chrono Boost), Robotics Facility  
  63  4:38  Probe x2 (Chrono Boost)  
  63  4:41  Probe (Chrono Boost), Pylon  
  64  4:48  Sentry  
  64  4:49  Probe x2 (Chrono Boost)  
  64  4:52  Probe (Chrono Boost)  
  69  4:54  Phoenix  
  69  4:59  Probe (Chrono Boost)  
  72  5:00  Forge, Pylon  
  72  5:04  Probe x2 (Chrono Boost)  
  74  5:10  Probe (Chrono Boost)  
  74  5:11  Zealot x2  
  74  5:13  Zealot  
  82  5:14  Probe (Chrono Boost)  
  82  5:16  Probe (Chrono Boost)  
  82  5:20  Probe (Chrono Boost), Assimilator x2  
  84  5:22  Pylon  
  84  5:23  Observer  
  84  5:25  Probe (Chrono Boost)  
  86  5:32  Twilight Council, Protoss Ground Weapons Level 1 (Chrono Boost)  
  86  5:45  Gateway  
  86  5:49  Pylon  
  86  5:52  Immortal, Gateway  
  86  5:53  Phoenix  
  86  5:54  Gateway  
  86  5:55  Probe x3 (Chrono Boost)  
  95  5:57  Pylon  
  95  6:03  Charge (Chrono Boost)  
  95  6:05  Pylon  
  95  6:06  Probe x2 (Chrono Boost)  
  95  6:09  Probe (Chrono Boost)  
  98  6:13  Templar Archives  
  98  6:15  Pylon  
  98  6:18  Phoenix  
  100  6:26  Gateway  
  100  6:27  Gateway  
  100  6:30  Zealot x3  
  106  6:36  Immortal  
  110  6:47  Phoenix, Gateway x2  
  110  6:52  High Templar  
  110  6:53  Zealot x2, High Templar  
  120  6:59  Archon, Pylon  
  120  7:02  Pylon  
  120  7:10  Immortal  
  120  7:11  High Templar x2  
  120  7:12  Phoenix  
  130  7:16  Probe x3  
  130  7:22  Archon  
  133  7:24  Zealot x2, Stalker  
  133  7:25  Zealot x2  
  133  7:27  Zealot  
  145  7:46  Zealot x2  
Spawning Tool Build Advisor. Get it on Overwolf

Go to:

Details

  • Created by: AwFK_Smurf
  • Published on: Nov 13, 2016
  • Modified on: Nov 13, 2016
  • Patch: Pre-3.8.0
Show
View Real Time Build Order
Export as new Build Order

Comments (0)

There are no comments. Be the first!

Create an account to comment!